 Dungeon Sprint DCSS version 0.21.1-1-g345015f (webtiles) character file.

3817 Fang the Cleaver (level 10, -22/72 HPs)
             Began as a Gargoyle Berserker on July 10, 2018.
             Was the Champion of Trog.
             Killed from afar by a merfolk aquamancer (32 damage)
             ... with a ball of steam
             ... in the Dungeon (Sprint VII: "The Pits").
             The game lasted 00:03:05 (1047 turns).

Fang the Cleaver (Gargoyle Berserker)               Turns: 1047, Time: 00:03:06

Health: -22/72     AC: 12    Str: 23    XL:     10   Next: 17%
Magic:  10/10      EV: 16    Int: 12    God:    Trog [******]
Gold:   0          SH:  0    Dex:  9    Spells: 9/9 levels left

rFire    . . .     SeeInvis .   m - +9 sword of Zonguldrok {reap}
rCold    . . .     Gourm    .   (no shield)
rNeg     + . .     Faith    .   b - +0 animal skin
rPois    ∞         Spirit   .   (no helmet)
rElec    +         Reflect  .   (no cloak)
rCorr    .         Harm     .   (no gloves)
MR       .....     NoTele   +   (no boots)
Stlth    ++........             (no amulet)
HPRegen  0.22/turn              q - +3 ring of protection
MPRegen  0.12/turn              t - +3 ring of intelligence

@: berserk cooldown, slowed, very slow
A: negative energy resistance 1, electricity resistance, unbreathing,
petrification resistance, rot immunity, AC +7
a: Berserk, Trog's Hand, Brothers in Arms, Burn Spellbooks, Renounce Religion


You were in the Dungeon.
You worshipped Trog.
Trog was exalted by your worship.
You were not hungry.

You visited 1 branch

Inventory:

Hand Weapons
 j - a +2 hand axe
 m - the +9 sword of Zonguldrok (weapon) {reap}
   (You found it in the Dungeon)

   If a monster killed with it leaves a corpse in good enough shape, the corpse
   will be animated as a zombie friendly to the killer.
 o - a +4 antimagic broad axe
 p - a +2 battleaxe of holy wrath
 u - a +2 war axe of freezing
Missiles
 n - 8 javelins of penetration (quivered)
Armour
 b - a +0 animal skin (worn)
Jewellery
 q - a +3 ring of protection (left hand)
 t - a +3 ring of intelligence (right hand)
Scrolls
 i - a scroll of blinking
 k - 3 scrolls of remove curse
 l - a scroll of summoning
Potions
 a - 2 potions of invisibility
 d - 8 potions of curing
 e - 12 potions of heal wounds
 f - a potion of haste
 g - 4 potions of magic
 h - 5 potions of berserk rage
 r - a potion of agility
 s - a potion of might
Comestibles
 c - 8 rations


   Skills:
 + Level 12.9 Fighting
 + Level 5.1 Long Blades
 + Level 14.2 Axes
 + Level 5.0 Armour
 + Level 8.9 Dodging
 + Level 1.7 Stealth


You had 9 spell levels left.
You didn't know any spells.

Dungeon Overview and Level Annotations

Branches:
Dungeon (1/1)

Altars:
Cheibriados
Dithmenos
Elyvilon
Fedhas
Gozag
Hepliaklqana
Makhleb
Nemelex Xobeh
Okawaru
Qazlal
Ru
Sif Muna
Trog
Vehumet
Wu Jian
Xom
Yredelemnul
Zin
The Shining One
Beogh
Jiyva
Lugonu


Innate Abilities, Weirdness & Mutations

You are resistant to torment.
Your stone body is resilient. (AC +7)
You are immune to poison.
You resist negative energy. (rN+)
You are resistant to electric shocks. (rElec)
You can survive without breathing.
You are immune to petrification.
You are immune to rotting.


Message History

Trog accepts your kill.
Your Long Blades skill increases to level 5!
Your yak zombie gores the freezing wraith but does no damage.
Unknown command.
You hit the freezing wraith.
The freezing wraith is lightly damaged.
You are no longer berserk.
You are exhausted.
You feel yourself slow down.
Unknown command.
You miss the merfolk aquamancer.
Your yak zombie closely misses the merfolk aquamancer.
The merfolk aquamancer completely misses you.
Your yak zombie closely misses the merfolk aquamancer.
Unknown command.
You closely miss the merfolk aquamancer.
Your yak zombie crumbles into dust!
The merfolk aquamancer gestures at you while chanting.
The ball of steam hits you!
You die...

#####''###### ...##''#
...##..# ...##..#
...##..#### #+# #
...##..#..#####.## .#
...##..#....##...# ..#
...##..'.....#...#E..#
#####..'(....'..@mWT.+
#####..'.....#...#E..#
.[[##..#....##...# ..#
.[[##..#..#####.## .#
.))##..#### #+# #
.))##..# .).##..#
########


You could see a merfolk aquamancer, a deep troll, a freezing wraith and 2 water
elementals.

Vanquished Creatures
  A hydra (D)
  2 deep elf magi (D)
  A demonic crawler (D)
  A redback (D)
  2 fire bats (D)
  2 water elementals (D)
  3 yaks (D)
  A vampire mosquito (D)
  A water moccasin (D)
  A porcupine (D)
  A floating eye (D)
  A phantom (D)
  A centaur (D)
  A bullfrog (D)
  An orc wizard (D)
  Crazy Yiuf (D)
  2 gnolls (D)
  2 ufetubi (D)
  A leopard gecko (D)
  3 jackals (D)
  A ball python (D)
  A frilled lizard (D)
  A kobold (D)
  A rat (D)
33 creatures vanquished.

Vanquished Creatures (collateral kills)
  A cyclops (D)
1 creature vanquished.

Grand Total: 34 creatures vanquished

Notes
Turn   | Place    | Note
-------+----------+-------------------------------------------
     0 | D        | Fang the Gargoyle Berserker began the quest for the Orb.
     0 | D        | Reached XP level 1. HP: 14/14 MP: 1/1
    18 | D        | Reached skill level 3 in Axes
    28 | D        | Reached ** piety under Trog
    33 | D        | Found a bloodstained altar of Trog.
    33 | D        | Found a deep blue altar of Sif Muna.
    33 | D        | Found a viscous altar of Jiyva.
    33 | D        | Found a hazy altar of Hepliaklqana.
    33 | D        | Found an opulent altar of Gozag.
    34 | D        | Found a glowing golden altar of the Shining One.
    34 | D        | Found a glowing silver altar of Zin.
    34 | D        | Found a basalt altar of Yredelemnul.
    34 | D        | Found a shimmering altar of Xom.
    34 | D        | Found an ornate altar of the Wu Jian Council.
    34 | D        | Found a sacrificial altar of Ru.
    34 | D        | Found a stormy altar of Qazlal.
    34 | D        | Found an iron altar of Okawaru.
    34 | D        | Found a sparkling altar of Nemelex Xobeh.
    34 | D        | Found a burning altar of Makhleb.
    34 | D        | Found a blossoming altar of Fedhas.
    34 | D        | Found a white marble altar of Elyvilon.
    34 | D        | Found a shadowy altar of Dithmenos.
    34 | D        | Found a snail-covered altar of Cheibriados.
    36 | D        | Found a radiant altar of Vehumet.
    36 | D        | Found a corrupted altar of Lugonu.
    36 | D        | Found a roughly hewn altar of Beogh.
    84 | D        | Reached XP level 2. HP: 20/20 MP: 2/2
    93 | D        | Reached *** piety under Trog
    93 | D        | Reached skill level 4 in Axes
   172 | D        | Noticed a floating eye
   175 | D        | Killed a floating eye
   175 | D        | Reached skill level 6 in Axes
   175 | D        | Reached XP level 3. HP: 18/28 MP: 3/3
   175 | D        | Reached XP level 4. HP: 21/32 MP: 4/4
   175 | D        | Reached XP level 5. HP: 24/37 MP: 5/5
   177 | D        | Reached **** piety under Trog
   385 | D        | Noticed a phantom
   385 | D        | Noticed a deep elf mage
   385 | D        | Noticed a deep elf mage
   389 | D        | Reached skill level 7 in Axes
   394 | D        | Killed a phantom
   394 | D        | Reached skill level 8 in Axes
   394 | D        | Reached XP level 6. HP: 45/45 MP: 6/6
   394 | D        | Received a gift from Trog
   397 | D        | Killed a deep elf mage
   397 | D        | Reached ***** piety under Trog
   397 | D        | Reached skill level 10 in Fighting
   397 | D        | Reached skill level 10 in Axes
   397 | D        | Reached XP level 7. HP: 52/52 MP: 7/7
   400 | D        | Killed a deep elf mage
   400 | D        | Reached skill level 11 in Axes
   400 | D        | Reached XP level 8. HP: 59/59 MP: 8/8
   451 | D        | Noticed Crazy Yiuf
   452 | D        | Killed Crazy Yiuf
   558 | D        | Received a gift from Trog
   568 | D        | Reached skill level 12 in Axes
   568 | D        | Reached skill level 5 in Armour
   627 | D        | Noticed a demonic crawler
   627 | D        | Noticed a redback
   636 | D        | Killed a redback
   636 | D        | Reached XP level 9. HP: 51/64 MP: 9/9
   639 | D        | Killed a demonic crawler
   641 | D        | Reached skill level 13 in Axes
   760 | D        | Found the +9 sword of Zonguldrok {reap}
   891 | D        | Noticed a cyclops
   897 | D        | Received a gift from Trog
   897 | D        | Reached skill level 1 in Long Blades
   902 | D        | Killed a cyclops
   902 | D        | Reached skill level 1 in Stealth
  1031 | D        | Noticed a merfolk aquamancer
  1031 | D        | Noticed a seven-headed hydra
  1032 | D        | Noticed a freezing wraith
  1035 | D        | Reached skill level 14 in Axes
  1038 | D        | Noticed a deep troll
  1042 | D        | Killed an 11-headed hydra
  1042 | D        | Reached XP level 10. HP: 18/72 MP: 10/10
  1044 | D        | Reached ****** piety under Trog
  1044 | D        | Reached skill level 5 in Long Blades
  1047 | D        | Killed from afar by a merfolk aquamancer

Skill      XL: |  1  2  3  4  5  6  7  8  9 10 |
---------------+-------------------------------+-----
Axes           | 3 6 8 10 11 12 14 | 14.2
Fighting       | 4 6 8 10 11 12 | 12.9
Dodging        | 2 3 4 6 7 8 |  8.9
Armour         | 3 4 5 |  5.0
Long Blades    | 4 5 |  5.1
Stealth        | 1 |  1.7

Action                   |  1- 3 |  4- 6 |  7- 9 | 10-12 || total
-------------------------+-------+-------+-------+-------++-------
Melee: Hand axe          |    31 |    12 |    28 |       ||    71
       Battleaxe         |       |       |    13 |       ||    13
       Double sword      |       |       |    19 |     5 ||    24
Invok: Berserk           |     1 |     1 |     4 |       ||     6
  Eat: Chunk             |       |       |     3 |       ||     3
       Ration            |       |       |     1 |       ||     1
Armor: Animal skin       |    15 |     2 |    23 |       ||    40
Dodge: Dodged            |    28 |     7 |    46 |     1 ||    82
       Rpst.: Double sword |       |       |     4 |       ||     4
